 Dungeon Crawl Stone Soup version 0.25-a0-287-g56a5b49 (webtiles) character file.

Game seed: 12304768530353549579, levelgen mode: deterministic

426 Alex the Cudgeler (level 6, -6/37 HPs)
             Began as a Gargoyle Fighter on Dec 12, 2019.
             Mangled by an ogre
             ... wielding a +0 giant club
              (27 damage)
             ... on level 4 of the Dungeon on Dec 13, 2019.
             The game lasted 00:08:37 (3381 turns).

Alex the Cudgeler (Gargoyle Fighter)                Turns: 3381, Time: 00:08:37

Health: -6/37      AC: 12    Str: 22    XL:     6   Next: 97%
Magic:  6/6        EV:  7    Int:  8    God:
Gold:   139        SH:  9    Dex:  9    Spells: 5/5 levels left

rFire    . . .     SeeInvis .   a - +0 flail
rCold    . . .     Gourm    .   c - +0 shield
rNeg     + . .     Faith    .   b - +0 scale mail
rPois    ∞         Spirit   .   (no helmet)
rElec    +         Reflect  .   (no cloak)
rCorr    .         Harm     .   h - +0 pair of gloves
MR       .....                  (no boots)
Stlth    ..........             (no amulet)
HPRegen  0.12/turn              (no ring)
MPRegen  0.10/turn              (no ring)

@: no status effects
A: negative energy resistance 1, electricity resistance, unbreathing,
petrification resistance, rot immunity, AC +4
a: no special abilities


You were on level 4 of the Dungeon.
You were not hungry.

You visited 1 branch of the dungeon, and saw 4 of its levels.

You collected 139 gold pieces.

Inventory:

Hand Weapons
 a - a +0 flail (weapon)
Armour
 b - a +0 scale mail (worn)
 c - a +0 shield (worn)
 h - a +0 pair of gloves (worn)
 x - a +0 chain mail
Jewellery
 o - an uncursed ring of flight {unknown}
 s - an uncursed ring of ice {unknown}
Scrolls
 e - 2 scrolls of fear {unknown}
 i - a scroll of magic mapping {unknown}
 j - 3 scrolls of teleportation {unknown}
 l - 4 scrolls of remove curse {unknown}
 p - 2 scrolls of enchant armour {unknown}
 r - 4 scrolls of identify {unknown}
 t - a scroll of amnesia {unknown}
 v - a scroll of enchant weapon {unknown}
 w - a scroll of immolation {unknown}
Potions
 d - 2 potions of might
 g - a potion of magic {unknown}
 k - 4 potions of flight {unknown}
 m - a potion of lignification {unknown}
 n - a potion of heal wounds {unknown}
 q - a potion of agility {unknown}
 u - a potion of degeneration {unknown}
 z - a potion of berserk rage {unknown}
Comestibles
 f - 12 rations
 A - 7 chunks of flesh


   Skills:
 - Level 3.2 Fighting
 + Level 7.2 Maces & Flails
 - Level 3.2 Armour
 - Level 3.2 Shields


You had 5 spell levels left.
You didn't know any spells.
Your spell library was empty.

Dungeon Overview and Level Annotations

Branches:
Dungeon (4/15)
 Temple: D:4-7

Altars:
Cheibriados
Makhleb
Okawaru
Vehumet
Yredelemnul


Innate Abilities, Weirdness & Mutations

You are resistant to torment.
Your stone body is resilient. (AC +4)
You are immune to poison.
You resist negative energy. (rN+)
You are resistant to electric shocks. (rElec)
You can survive without breathing.
You are immune to petrification.
You are immune to rotting.


Message History

A - 8 chunks of flesh (gained 1)
f - 11 rations (gained 1)
You now have 134 gold pieces (gained 12).
f - 12 rations (gained 1) Eating one of 8 chunks of flesh.
You eat one of the 8 chunks of flesh.
This raw flesh tastes terrible.
You now have 139 gold pieces (gained 5).
Found 16 arrows.
r - 4 scrolls labeled LERHEI VOLI (gained 1)
An ogre comes into view. It is wielding a +0 giant club.
The ogre shouts!
You see here 10 gold pieces.
The ogre hits you with a +0 giant club!
You hit the ogre but do no damage. The ogre hits you with a +0 giant club.
You completely miss the ogre. The ogre hits you with a +0 giant club.
You sock the ogre!
The ogre is heavily wounded.
The ogre hits you with a +0 giant club!!
Ouch! That really hurt!
You die...

#.<)...............# #...##
####...............###....#
#.....#....#......#....#
#....###..##........##.##
#.........###..##.####..## #.
..##..............##)## ##..#
#..#....................)####...
..##..........O................
.............@###........#....
##............###...##..##....
#.....(.##.....##... ##..#)...
#.......####$##.... #...##..
###...............#..###.......
.............#.##.........###..#
..####.......### #........######
#####...#####.......÷)...#
#......#.............#


You could see an ogre.

Vanquished Creatures
  An ogre (D:4)
  A bullfrog (D:2)
  A hound (D:4)
  Jessica (D:3)
  An orc wizard (D:4)
  Terence (D:3)
  A worker ant (D:4)
  4 adders
  2 worms
  5 dart slugs
  3 leopard geckos
  11 orcs
  7 bats
  4 giant cockroaches
  10 goblins
  7 hobgoblins
  2 jackals (D:2)
  A ball python (D:1)
  10 frilled lizards
  7 kobolds
  11 rats
91 creatures vanquished.

Notes
Turn   | Place    | Note
-------+----------+-------------------------------------------
     0 | D:1      | Alex the Gargoyle Fighter began the quest for the Orb.
     0 | D:1      | Reached XP level 1. HP: 14/14 MP: 1/1
   119 | D:1      | Reached XP level 2. HP: 15/19 MP: 2/2
   189 | D:1      | Reached skill level 3 in Maces & Flails
   482 | D:1      | Reached XP level 3. HP: 18/23 MP: 3/3
   951 | D:2      | Noticed a bullfrog
  1179 | D:2      | Killed a bullfrog
  1179 | D:2      | Reached skill level 4 in Maces & Flails
  1179 | D:2      | Reached XP level 4. HP: 14/28 MP: 4/4
  1189 | D:2      | Reached skill level 5 in Maces & Flails
  1299 | D:2      | Reached XP level 5. HP: 28/32 MP: 5/5
  1625 | D:2      | Found a radiant altar of Vehumet.
  1626 | D:2      | Found a basalt altar of Yredelemnul.
  1626 | D:2      | Found an iron altar of Okawaru.
  1627 | D:2      | Found a burning altar of Makhleb.
  2216 | D:3      | Noticed Terence
  2225 | D:3      | Killed Terence
  2270 | D:3      | Noticed Jessica
  2286 | D:3      | Killed Jessica
  2286 | D:3      | Reached skill level 6 in Maces & Flails
  2385 | D:3      | Reached XP level 6. HP: 37/37 MP: 6/6
  2443 | D:3      | Found a snail-covered altar of Cheibriados.
  3030 | D:4      | Reached skill level 7 in Maces & Flails
  3381 | D:4      | Mangled by an ogre

Levels and vault maps discovered:
D:1:      erik_arrival_cave_to_civilisation [erik_arrival_cave_to_hall],
          layout_basic
D:2:      layout_basic, chequers_temple_overflow_statue_of_worship,
          chequers_serial_rivers_micro_b, minmay_lizard_king
D:3:      layout_loops_cross, nicolae_overflow_hidden_temple, first_ration,
          uniq_terence, uniq_jessica
D:4:      corexii_shantytown, layout_cave_pools, grunt_ministairs_2,
          minmay_door_square

Skill      XL: |  1  2  3  4  5  6 |
---------------+-------------------+-----
Maces & Flails | 3 4 5 6 7 |  7.2
Fighting       | |  3.2
Armour         | |  3.2
Shields        | |  3.2

Action                   |  1- 3 |  4- 6 || total
-------------------------+-------+-------++-------
Melee: Flail             |   110 |   247 ||   357
  Eat: Chunk             |     1 |     8 ||     9
Armor: Scale mail        |    64 |   122 ||   186
Dodge: Dodged            |    34 |    57 ||    91
Block: Shield            |    59 |   105 ||   164

Table legend:
 A = Non-vault XP
 B = Vault XP
 C = Vault XP percentage of total XP
 D = Non-vault monster count
 E = Vault monster count
 F = Vault count percentage of total count
                 A         B        C        D         E       F
            +---------+---------+-------+---------+---------+-------
      Total |     527 |      82 |  13.5 |      82 |       9 |   9.9
            +---------+---------+-------+---------+---------+-------
        D:1 |      34 |       6 |  15.0 |      19 |       2 |   9.5
        D:2 |     176 |       7 |   3.8 |      32 |       5 |  13.5
        D:3 |      53 |      69 |  56.6 |      15 |       2 |  11.8
        D:4 |     264 |       0 |   0.0 |      16 |       0 |   0.0
            +---------+---------+-------+---------+---------+-------
